Unix NetHack Version 5.0.0-0 post-release - last build Jun 10 2026 00:39:30 (3ee93aec679c4c4259841fe613dc97188e26a321,branch:main).

Game began 2026-06-13 18:50:41, ended 2026-06-13 19:24:50.

Brudee, chaotic female human Rogue

        ----------             --------
        |........|             |......|          ----------
        |........|             |......|          |........|
        |<.......|            #-......|          |........|
        |.........#############|......|          |@.(.....|
        --------.-     ########|..._..|         #KKK......|      ---------
               ##              |......|         #|.....(..|      |.......|
               #               -----.--         #---.------      |.......|
             ###                    ####        #   ###        ##-.......|
             #                     #######      #     #        # ---------
             #                        #  ###    #     #      #%#
   ----------|-         ##########################    ####   #
   |..........|                    -----.--------####### #   #
   |...*...]..|                    |............|#    ---.- #
   |)..)......|                    |.............#####....| #
   |)...*....)|                    |............|     |...|##
   |.+...)....|                    --------------     |....#
   ------------                                       ---+-

Brudee the Cutpurse     St:9 Dx:18 Co:14 In:13 Wi:14 Ch:8  Chaotic S:518
Dlvl:3  $:0  HP:0(21) Pw:18(18) AC:1  Xp:3/77 T:2225  Burdened

Latest messages:
 A cloud of darkness falls upon you.
 You can move again.
 What do you want to drink? [dk or ?*] ?
 You feel better.
 You can see again.
 What do you want to read? [p or ?*] ?
 You know "detect treasure" quite well already.
 Refresh your memory anyway? [yn] (n) y
 You begin to memorize the runes.
 Your knowledge of "detect treasure" is keener.
 "You owe an additional 427 zorkmids."
 What do you want to read? [p or ?*] p
 You know "detect treasure" quite well already.
 Refresh your memory anyway? [yn] (n) y
 You feel a strange sensation.
 The spellbook crumbles to dust!
 You can move again.
 What do you want to use or apply? [efhiotzK-MOP or ?*] i
 What do you want to use or apply? [efhiotzK-MOP or ?*] i
 You have a little trouble removing E - a spellbook of identify (unpaid, 400 zorkmids).
 What do you want to read? [E or ?*] E
 You know "identify" quite well already.
 Refresh your memory anyway? [yn] (n) y
 You feel a wrenching sensation.
 Where do you want to be teleported?
 (For instructions type a '?')
 Move cursor to the desired position:
 You materialize in a different location!
 You escaped the shop without paying!
 You stole 6880 zorkmids worth of merchandise.
 An alarm sounds!
 The Keystone Kops are after you!
 The spellbook crumbles to dust!
 The Keystone Kop wields a club!
 The Keystone Kop misses!
 The Keystone Kop misses!
 The Keystone Kop hits!
 The Keystone Kop wields a club!
 The Keystone Kop swings his club.
 The Keystone Kop hits!
 The Keystone Kop swings his club.
 The Keystone Kop misses!
 The Keystone Kop swings his club.
 The Keystone Kop hits!
 The Keystone Kop hits!
 The Keystone Kop swings his club.
 The Keystone Kop hits!
 You die...
 Aklavik comes and takes all your possessions.
 Do you want to see what you had when you died? [ynq] (y) q

Inventory:
 Weapons  (')')
  b - a +0 dagger (alternate weapon; not wielded)
  B - a +0 elven dagger
  N - 2 +0 orcish daggers
  a - a blessed +0 short sword (weapon in left hand)
 Armor    ('[')
  g - an uncursed +0 orcish helm
  c - a blessed +1 leather armor
  Z - a blessed greased rotproof +0 orange dragon scale mail (being worn)
 Potions  ('!')
  k - an uncursed potion of gain ability
 Rings    ('=')
  m - an uncursed ring of shock resistance
  s - an uncursed ring of teleport control (on right hand)
 Wands    ('/')
  M - a wand of cold (0:6)
  o - a wand of make invisible (0:8)
  K - a wand of sleep (0:7)
  P - a wand of slow monster (0:5)
  L - a wand of wishing (0:0)
 Tools    ('(')
  i - an uncursed bag of holding containing 27 items
  f - an empty uncursed sack
  z - an uncursed brass lantern
  e - an uncursed lock pick
  t - an uncursed skeleton key
  h - an uncursed stethoscope
  O - an uncursed tin whistle
 Gems/Stones  ('*')
  n - an uncursed worthless piece of black glass

Contents of the bag of holding:
  an uncursed slime mold
  2 uncursed cram rations
  2 uncursed food rations
  an uncursed food ration
  an uncursed pear
  an uncursed scroll of scare monster
  2 uncursed scrolls of enchant weapon
  a cursed scroll of food detection
  a blessed scroll of blank paper
  an uncursed scroll of charging
  an uncursed scroll of confuse monster
  an uncursed scroll of create monster
  an uncursed scroll of destroy armor
  an uncursed scroll of fire
  an uncursed scroll of genocide
  an uncursed scroll of light
  a blessed scroll of magic mapping
  an uncursed potion of hallucination
  an uncursed potion of blindness
  a blessed potion of gain ability
  a blessed potion of healing
  an uncursed potion of healing
  an uncursed potion of healing
  an uncursed potion of restore ability
  an uncursed potion of sickness
  2 uncursed potions of sickness
  2 potions of holy water

Brudee the Rogue's attributes:

Background:
 You were a Cutpurse, a level 3 female human Rogue.
 You were chaotic, on a mission for Kos
 who was opposed by Issek (lawful) and Mog (neutral).
 You were left-handed.
 You were in the Dungeons of Doom, on level 3.
 You entered the dungeon 2225 turns ago.
 You had 77 experience points, 3 more were needed to attain level 4.
 Your score was 518 before end-of-game adjustments.

Basics:
 You had 0 out of 21 hit points.
 You had all 18 energy points (spell power).
 Your armor class was 1.
 Your wallet was empty.
 Autopickup was off.

Final Characteristics:
 Your strength was 9 (limit:18/100).
 Your dexterity was 18 (limit:18).
 Your constitution was 14 (limit:18).
 Your intelligence was 13 (limit:18).
 Your wisdom was 14 (limit:18).
 Your charisma was 8 (limit:18).

Final Status:
 You weren't hungry.
 You were burdened; movement was slightly slowed.
 You were wielding a short sword.
 You had basic skill with short sword.

Final Attributes:
 You were devoutly aligned.
 You were sleep resistant.
 You were stealthy.
 You had teleport control.
 You had free action.
 You are dead.

Miscellaneous:
 You encountered 2 bones levels.
 Total elapsed playing time was 34 minutes and 8 seconds.

Major events:
 Turn
    1: Brudee the chaotic female human Rogue entered the dungeon
 1159: attained the rank of Cutpurse (level 3)
 1408: entered the Gnomish Mines
 1937: made her first wish - "blessed greased fixed +2 orange dragon scale mail", got "a greased orange dragon scale mail"
 2217: stole 6880 zorkmids worth of merchandise from Aklavik's general store
 2225: killed by a Keystone Kop, while reading a book

Spells:
 Name                 Level Category     Fail Retention
 magic missile          2   attack       100%  76%-100%
 detect food            2   divination   100%  76%-100%
 identify               3   divination   100%  76%-100%
 detect treasure        4   divination   100%  76%-100%

Skills:
 Fighting Skills
   bare handed combat [Unskilled]
   two weapon combat  [Unskilled]
   riding             [Unskilled]
 Weapon Skills
   dagger             [Basic]
   knife              [Unskilled]
   short sword        [Basic]
   broadsword         [Unskilled]
   long sword         [Unskilled]
   two-handed sword   [Unskilled]
   saber              [Unskilled]
   club               [Unskilled]
   mace               [Unskilled]
   morning star       [Unskilled]
   flail              [Unskilled]
   hammer             [Unskilled]
   polearms           [Unskilled]
   spear              [Unskilled]
   crossbow           [Unskilled]
   dart               [Unskilled]
   shuriken           [Unskilled]
 Spellcasting Skills
   divination spells  [Unskilled]
   escape spells      [Unskilled]
   matter spells      [Unskilled]

Voluntary challenges:
 Character rerolling was not enabled.
 You never genocided any monsters.
 You never polymorphed an object.
 You never changed form.
 You used 1 wish.
 You did not wish for any artifacts.
Achievements:
 You entered a shop.
 You attained the rank of Cutpurse.
 You entered the Gnomish Mines.

 The Dungeons of Doom: levels 1 to 5
    Level 1:
    Level 2:
       Many fountains.
    Level 3: <- You were here.
       A general store, an altar to Kos.
       Final resting place for
          you, killed by a Keystone Kop, while reading a book.
    Level 4:
       A fountain.
       Stairs down to The Gnomish Mines.
    Level 5:
       Final resting place for
          h2g2-Ran-Elf-Fem-Cha, killed by a dwarf.
 The Gnomish Mines:
    Level 5:
       A grave.
       Final resting place for
          Brudee-Rog-Hum-Fem-Cha, killed by an arrow.


Vanquished creatures:
  a homunculus
  a gas spore
  a hobbit
  2 large kobolds
  a green mold
  a gnome
  3 geckos
  3 jackals
  3 goblins
  a sewer rat
  6 grid bugs
  2 bats
  2 lichens
  a kobold zombie
  6 newts
34 creatures vanquished.

No species were genocided or became extinct.

Game over:
                       ----------
                      /          \
                     /    REST    \
                    /      IN      \
                   /     PEACE      \
                  /                  \
                  |      Brudee      |
                  |       0 Au       |
                  |   killed by a    |
                  |   Keystone Kop   |
                  |                  |
                  |                  |
                  |       2026       |
                 *|     *  *  *      | *
        _________)/\\_//(\/(/\)/\//\/|_)_______

Goodbye Brudee the Rogue...

You died in The Dungeons of Doom on dungeon level 3 with 518 points,
and 0 pieces of gold, after 2225 moves.
You were level 3 with a maximum of 21 hit points when you died.

